 Dungeon Sprint DCSS version 0.17-a0-1691-g18a3847 (webtiles) character file.

50689 Kidiri the Unseen (level 13, -9/56 HPs)
             Began as a Spriggan Enchanter on Aug 20, 2015.
             Was the Champion of Dithmenos.
             Mangled by a seven-headed hydra simulacrum (21 damage)
             ... in the Dungeon (Sprint III: "The Ten Rune Challenge").
             The game lasted 00:31:19 (6940 turns).

Kidiri the Unseen (Spriggan Enchanter)              Turns: 6940, Time: 00:31:19

Health: -9/56      AC:  6    Str:  3 (4)  XL:     13   Next: 59%
Magic:  23/31      EV: 35    Int: 19      God:    Dithmenos [******]
Gold:   1228       SH:  0    Dex: 19      Spells: 12 memorised, 3 levels left

rFire  + . .     SeeInvis +     t - +6 quick blade
rCold  . . .     Clarity  .     f - +2 robe {MR+}
rNeg   . . .     SustAt   .     (shield restricted)
rPois  .         Gourm    .     c - +2 hat {MR+}
rElec  .         Spirit   .     (no cloak)
rCorr  .         Warding  .     (gloves unavailable)
rMut   .         NoTele   +     (boots unavailable)
MR     ++++.                    (no amulet)
Stlth  ++++++++++               (no ring)
                                (no ring)

@: wreathed by umbra, very quick, incredibly resistant to hostile enchantments,
uncannily stealthy
A: unfitting armour, rugged brown scales 1, see invisible, deformed body, fire
resistance 1, herbivore 3, speed 3, low mp 1, slow metabolism 2
a: Shadow Step, Shadow Form, Renounce Religion
}: 1/10 runes: barnacled


You were in the Dungeon.
You worshipped Dithmenos.
Dithmenos was exalted by your worship.
You were not hungry.

You visited 1 branch You collected 1228 gold pieces.

Inventory:

Hand weapons
 t - a +6 quick blade (weapon)
 u - a +3 rapier of holy wrath
Armour
 c - a +2 hat of magic resistance (worn)
 f - a +2 robe of magic resistance (worn)
Magical devices
 k - a wand of digging (5)
Scrolls
 j - a scroll of blinking
 l - 2 scrolls of holy word
 n - 3 scrolls of remove curse
Potions
 e - a potion of brilliance
 g - a potion of haste
 h - a potion of magic
 i - a potion of might
 o - 2 potions of cure mutation
 p - 3 potions of flight
Comestibles
 b - 23 royal jellies
 d - 2 bread rations
 r - 3 fruits


   Skills:
 + Level 11.3 Short Blades
 * Level 19.4 Dodging
 * Level 20.9 Stealth
 * Level 16.7 Spellcasting
 + Level 7.5 Conjurations
 + Level 12.5 Hexes
 + Level 12.8 Charms
 + Level 12.6 Translocations
 + Level 11.9 Transmutations
 + Level 8.3 Ice Magic
 + Level 8.3 Air Magic
 + Level 8.4 Earth Magic
 - Level 2.9 Invocations


You had 3 spell levels left.
You knew the following spells:

 Your Spells              Type           Power        Failure   Level  Hunger
a - Corona                Hex            ######.      1%          1    None
b - Ensorcelled Hibernat  Hex/Ice        ######       1%          2    None
c - Confuse               Hex            ######..     1%          3    None
d - Tukima's Dance        Hex            ######..     1%          3    None
e - Dazzling Spray        Conj/Hex       ######..     1%          3    None
f - Swiftness             Chrm/Air       ######..     1%          2    None
g - Passwall              Trmt/Erth      ######....   1%          3    None
h - Passage of Golubria   Tloc           N/A          1%          4    None
i - Lee's Rapid Deconstr  Erth           #####.....   3%          5    ###....
j - Darkness              Hex            ######....   3%          6    #####..
k - Invisibility          Hex            ######..     3%          6    #####..
l - Condensation Shield   Ice            #####.....   1%          4    None


Dungeon Overview and Level Annotations

Branches:
Dungeon (1/1)

Altars:
Cheibriados
Dithmenos
Elyvilon
Fedhas
Gozag
Kikubaaqudgha
Makhleb
Nemelex Xobeh
Okawaru
Qazlal
Ru
Sif Muna
Trog
Vehumet
Xom
Yredelemnul
Zin
The Shining One
Jiyva
Lugonu

Shops:
D (!?(}}


Innate Abilities, Weirdness & Mutations

You are tiny and cannot use many weapons and most armour.
You have supernaturally acute eyesight.
You are a herbivore.
You cover ground extremely quickly.
You need consume almost no food.
You are partially covered in rugged brown scales (AC +1, +3% HP).
Armour fits poorly on your strangely shaped body.
Your flesh is heat resistant.
Your magical capacity is low (-10% MP).


Message History

The seven-headed hydra simulacrum misses you.
The seven-headed hydra simulacrum completely misses you.
The seven-headed hydra simulacrum bites you but does no damage.
The seven-headed hydra simulacrum completely misses you.
The seven-headed hydra simulacrum bites you!
You emit a cloud of dark smoke.
The seven-headed hydra simulacrum freezes you!!
The fire dragon simulacrum bites you but does no damage.
The fire dragon simulacrum barely misses you. x2
Casting: Dazzling Spray
Confirm with . or Enter, or press ? or * to list all spells.
Which direction?
The seven-headed hydra simulacrum barely misses you.
The seven-headed hydra simulacrum completely misses you.
The seven-headed hydra simulacrum closely misses you.
The seven-headed hydra simulacrum completely misses you.
The seven-headed hydra simulacrum bites you!
* * * LOW HITPOINT WARNING * * *
The seven-headed hydra simulacrum freezes you!!
You die...

...#.#§§.#...#((.##.#.#.##...≈≈≈≈
▓▓▓▓▓▓▓▓▓▓▓▓▓▓▓▓▓#.#.#.#.#.......
≈≈≈........≈≈≈...##.#.#.##.......
♣≈≈≈≈≈≈≈≈≈≈≈≈♣♣..'.#.#.#.#.......
♣♣♣♣♣♣♣♣♣♣♣♣♣♣♣..##.#.#.#########
♣ ♣♣♣##'########
♣♣♣♣♣♣♣♣♣♣♣♣♣♣♣♣♣#...+§≈§≈≈#
##..##≈≈≈≈≈≈..#§Z#(..#.≈§§§
#.##.#≈≈≈≈≈...#Z@#).:#.#§§≈#
.##.##+≈≈≈≈≈####+#####.# ≈§≈#
.##...#≈≈.....§§§#[.PP.# ≈≈≈≈
#.##.)#≈..+#######.)P.P# ≈§≈
#.#####...#....))#...PP# ≈≈
..##......#♣♣♣._)#...[P# ≈
####+#############+##### #
▓............▓#.....+ ##
▓≈≈........≈≈▓#.#############.


You could see a seven-headed hydra simulacrum and a fire dragon simulacrum.

Vanquished Creatures
  A kraken (D)
  Gastronok (D)
  Dowan (D)
  Maud (D)
  2 dire elephants (D)
  A fire dragon (D)
  2 hydras (D)
  2 centaur warriors (D)
  2 alligator snapping turtles (D)
  Erica (D)
  4 death yaks (D)
  4 dancing weapons (D)
  A deep elf knight (D)
  An unseen horror (D)
  A spriggan druid (D)
  A deep elf summoner (D)
  A lindwurm (D)
  3 death drakes (D)
  An ugly thing (D)
  A manticore (shapeshifter) (D)
  2 orc sorcerers (D)
  2 elephants (D)
  2 black mambas (D)
  Duvessa (D)
  2 spiny frogs (D)
  A komodo dragon (D)
  3 wandering mushrooms (D)
  A fire drake (D)
  4 deep elf priests (D)
  4 spriggan defenders (D)
  A queen bee (D)
  2 orc high priests (D)
  4 snapping turtles (D)
  8 blink frogs (D)
  3 slime creatures (D)
  3 redbacks (D)
  2 spriggans (D)
  A shadow (D)
  A spatial vortex (D)
  A fire dragon simulacrum (D)
  An orc warrior (D)
  A swamp drake (D)
  A necrophage (D)
  2 centaurs (D)
  An earth elemental (D)
  2 brain worms (D)
  A water elemental (D)
  32 killer bees (D)
  An electric eel (D)
  A wizard (D)
  A jelly (D)
  6 orc priests (D)
  An orc wizard (D)
  Jessica (D)
  A necromancer (D)
  A kobold demonologist (D)
  3 humans (D)
  An ooze (D)
  A phantom (D)
  10 orcs (D)
  2 rats (D)
  A fungus (D)
  7 plants (D)
159 creatures vanquished.

Vanquished Creatures (collateral kills)
  Rupert (D)
1 creature vanquished.

Vanquished Creatures (others)
  2 draconian scorchers (D)
  3 yaktaurs (D)
  2 fungi (D)
  11 plants (D)
  10 tentacles (D)
  37 tentacle segments (D)
65 creatures vanquished.

Grand Total: 225 creatures vanquished

Notes
Turn   | Place    | Note
--------------------------------------------------------------
     0 | D        | Kidiri the Spriggan Enchanter began the quest for the Orb.
     0 | D        | Reached XP level 1. HP: 9/9 MP: 5/5
     4 | D        | Reached skill level 5 in Stealth
    14 | D        | Noticed Jessica
    19 | D        | Killed Jessica
    19 | D        | Reached skill level 5 in Dodging
    19 | D        | Reached skill level 6 in Stealth
    19 | D        | Reached XP level 2. HP: 13/13 MP: 6/8
    19 | D        | Reached XP level 3. HP: 16/16 MP: 6/9
    23 | D        | Learned a level 2 spell: Ensorcelled Hibernation
    27 | D        | Learned a level 3 spell: Confuse
    31 | D        | Learned a level 3 spell: Tukima's Dance
    81 | D        | Reached skill level 7 in Stealth
   222 | D        | Killed a white draconian scorcher
   271 | D        | Killed a yaktaur
   349 | D        | Killed a white draconian scorcher
   373 | D        | Gained mutation: Your magical capacity is low (-10% MP). [potion of mutation]
   373 | D        | Gained mutation: You are partially covered in rugged brown scales (AC +1, +3% HP). [potion of mutation]
   373 | D        | Gained mutation: Your flesh is heat resistant. [potion of mutation]
   374 | D        | Gained mutation: Armour fits poorly on your strangely shaped body. [potion of mutation]
   398 | D        | Noticed a water elemental
   401 | D        | Killed a water elemental
   401 | D        | Reached skill level 8 in Stealth
   401 | D        | Reached skill level 5 in Spellcasting
   401 | D        | Reached skill level 5 in Hexes
   401 | D        | Reached skill level 1 in Ice Magic
   401 | D        | Reached XP level 4. HP: 21/21 MP: 9/11
   406 | D        | Learned a level 3 spell: Dazzling Spray
   450 | D        | Noticed a jelly
   451 | D        | Noticed a shadow
   454 | D        | Killed a jelly
   454 | D        | Reached XP level 5. HP: 17/24 MP: 2/13
   466 | D        | Killed a shadow
   466 | D        | Reached skill level 9 in Dodging
   466 | D        | Reached skill level 10 in Stealth
   466 | D        | Reached skill level 1 in Conjurations
   466 | D        | Reached XP level 6. HP: 15/28 MP: 0/15
   608 | D        | Found a stormy altar of Qazlal.
   609 | D        | Found a sacrificial altar of Ru.
   609 | D        | Found a burning altar of Makhleb.
   609 | D        | Found a viscous altar of Jiyva.
   609 | D        | Found a shimmering altar of Xom.
   609 | D        | Found a shadowy altar of Dithmenos.
   609 | D        | Found a sparkling altar of Nemelex Xobeh.
   609 | D        | Found a corrupted altar of Lugonu.
   609 | D        | Found an opulent altar of Gozag.
   609 | D        | Noticed a spatial vortex
   613 | D        | Became a worshipper of Dithmenos the Shadowed
   615 | D        | Killed a spatial vortex
   615 | D        | Reached skill level 5 in Short Blades
   615 | D        | Reached skill level 1 in Invocations
   640 | D        | Found a radiant altar of Vehumet.
   641 | D        | Noticed a wizard
   643 | D        | Killed a wizard
   643 | D        | Reached skill level 10 in Dodging
   643 | D        | Reached skill level 11 in Stealth
   646 | D        | Found a deep blue altar of Sif Muna.
   646 | D        | Found an ancient bone altar of Kikubaaqudgha.
   662 | D        | Learned a level 2 spell: Swiftness
   666 | D        | Learned a level 3 spell: Passwall
   671 | D        | Learned a level 4 spell: Passage of Golubria
   701 | D        | Found a glowing silver altar of Zin.
   702 | D        | Found a glowing golden altar of the Shining One.
   702 | D        | Found a white marble altar of Elyvilon.
   702 | D        | Noticed a deep elf priest
   704 | D        | Killed a deep elf priest
   704 | D        | Reached skill level 1 in Air Magic
   704 | D        | Reached skill level 1 in Earth Magic
   704 | D        | Reached XP level 7. HP: 32/32 MP: 18/18
   715 | D        | Found an iron altar of Okawaru.
   716 | D        | Found a bloodstained altar of Trog.
   716 | D        | Noticed a human
   716 | D        | Noticed a human
   734 | D        | Killed a human
   737 | D        | Killed a human
   737 | D        | Reached skill level 12 in Stealth
   836 | D        | Found a snail-covered altar of Cheibriados.
   836 | D        | Noticed a necrophage
   837 | D        | Found a basalt altar of Yredelemnul.
   837 | D        | Found a blossoming altar of Fedhas.
   837 | D        | Noticed a necromancer
   842 | D        | Killed a necromancer
   842 | D        | Acquired Dithmenos's first power
   860 | D        | Killed a necrophage
   860 | D        | Reached XP level 8. HP: 32/37 MP: 5/20
   954 | D        | Noticed Erica
  1021 | D        | Killed Erica
  1021 | D        | Reached skill level 10 in Spellcasting
  1113 | D        | Learned a level 5 spell: Lee's Rapid Deconstruction
  1168 | D        | Noticed an earth elemental
  1172 | D        | Killed an earth elemental
  1177 | D        | Noticed a centaur
  1177 | D        | Noticed a centaur warrior
  1177 | D        | Noticed a centaur
  1179 | D        | Killed a centaur
  1179 | D        | Reached skill level 13 in Stealth
  1179 | D        | Reached skill level 5 in Charms
  1181 | D        | Killed a centaur warrior
  1181 | D        | Reached skill level 5 in Translocations
  1181 | D        | Reached skill level 5 in Transmutations
  1181 | D        | Reached XP level 9. HP: 40/40 MP: 20/22
  1182 | D        | Killed a centaur
  1182 | D        | Acquired Dithmenos's second power
  1197 | D        | Noticed an unseen horror
  1199 | D        | Killed an unseen horror
  1199 | D        | Reached skill level 14 in Stealth
  1209 | D        | Noticed a killer bee
  1209 | D        | Noticed a killer bee
  1209 | D        | Noticed a queen bee
  1209 | D        | Noticed a killer bee
  1209 | D        | Noticed a killer bee
  1209 | D        | Noticed a killer bee
  1209 | D        | Noticed a killer bee
  1209 | D        | Noticed a killer bee
  1209 | D        | Noticed a killer bee
  1209 | D        | Noticed a killer bee
  1209 | D        | Noticed a killer bee
  1209 | D        | Noticed a killer bee
  1209 | D        | Noticed a killer bee
  1209 | D        | Noticed a killer bee
  1209 | D        | Noticed a killer bee
  1210 | D        | Noticed a killer bee
  1210 | D        | Noticed a killer bee
  1210 | D        | Noticed a killer bee
  1210 | D        | Noticed a killer bee
  1210 | D        | Noticed a killer bee
  1210 | D        | Noticed a killer bee
  1210 | D        | Noticed a killer bee
  1210 | D        | Noticed a killer bee
  1210 | D        | Noticed a killer bee
  1210 | D        | Noticed a killer bee
  1210 | D        | Noticed a killer bee
  1210 | D        | Noticed a killer bee
  1210 | D        | Noticed a killer bee
  1210 | D        | Noticed a killer bee
  1210 | D        | Noticed a killer bee
  1210 | D        | Noticed a killer bee
  1210 | D        | Noticed a killer bee
  1210 | D        | Noticed a killer bee
  1211 | D        | Killed a killer bee
  1212 | D        | Killed a killer bee
  1214 | D        | Killed a killer bee
  1219 | D        | Killed a killer bee
  1219 | D        | Acquired Dithmenos's third power
  1223 | D        | Killed a killer bee
  1225 | D        | Killed a killer bee
  1227 | D        | Killed a killer bee
  1231 | D        | Killed a killer bee
  1231 | D        | Reached skill level 5 in Ice Magic
  1233 | D        | Killed a killer bee
  1235 | D        | Killed a killer bee
  1445 | D        | Killed a killer bee
  1445 | D        | Acquired Dithmenos's fourth power
  1448 | D        | Killed a killer bee
  1450 | D        | Killed a killer bee
  1453 | D        | Killed a killer bee
  1455 | D        | Killed a killer bee
  1458 | D        | Killed a killer bee
  1460 | D        | Killed a killer bee
  1460 | D        | Reached XP level 10. HP: 37/45 MP: 6/23
  1462 | D        | Killed a killer bee
  1464 | D        | Killed a killer bee
  1608 | D        | Learned a level 6 spell: Darkness
  1611 | D        | Killed a killer bee
  1614 | D        | Killed a killer bee
  1616 | D        | Killed a killer bee
  1618 | D        | Killed a killer bee
  1621 | D        | Killed a killer bee
  1623 | D        | Killed a killer bee
  1625 | D        | Killed a killer bee
  1627 | D        | Killed a killer bee
  1630 | D        | Killed a killer bee
  1632 | D        | Killed a killer bee
  1658 | D        | Killed a killer bee
  1877 | D        | Killed a killer bee
  1884 | D        | Killed a queen bee
  1886 | D        | Killed a killer bee
  2038 | D        | Noticed a wandering mushroom
  2039 | D        | Noticed a wandering mushroom
  2039 | D        | Noticed a wandering mushroom
  2040 | D        | Killed a wandering mushroom
  2040 | D        | Reached skill level 15 in Stealth
  2042 | D        | Killed a wandering mushroom
  2043 | D        | Killed a wandering mushroom
  2084 | D        | Noticed a spiny frog
  2084 | D        | Noticed a komodo dragon
  2084 | D        | Noticed a spiny frog
  2087 | D        | Killed a spiny frog
  2088 | D        | Killed a komodo dragon
  2089 | D        | Killed a spiny frog
  2109 | D        | Noticed a redback
  2111 | D        | Killed a redback
  2111 | D        | Reached skill level 5 in Conjurations
  2111 | D        | Reached skill level 5 in Earth Magic
  2112 | D        | Noticed a brain worm
  2116 | D        | Killed a brain worm
  2121 | D        | Noticed a brain worm
  2123 | D        | Killed a brain worm
  2229 | D        | Noticed a lindwurm
  2231 | D        | Noticed a redback
  2232 | D        | Killed a lindwurm
  2234 | D        | Killed a redback
  2234 | D        | Reached skill level 5 in Air Magic
  2240 | D        | Noticed a redback
  2241 | D        | Killed a redback
  2242 | D        | Noticed Maud
  2246 | D        | Killed Maud
  2246 | D        | Reached skill level 15 in Dodging
  2246 | D        | Reached skill level 16 in Stealth
  2246 | D        | Reached XP level 11. HP: 44/48 MP: 18/26
  2285 | D        | Noticed an electric eel
  2286 | D        | Noticed a five-headed hydra
  2286 | D        | Noticed a six-headed hydra
  2288 | D        | Killed an electric eel
  2299 | D        | Killed a six-headed hydra
  2300 | D        | Noticed a death drake
  2302 | D        | Killed a death drake
  2302 | D        | Reached skill level 10 in Hexes
  2311 | D        | Killed a five-headed hydra
  2478 | D        | Killed a yaktaur
  2525 | D        | Found a blossoming altar of Fedhas.
  2525 | D        | Noticed a spriggan
  2525 | D        | Noticed a spriggan druid
  2525 | D        | Noticed a spriggan
  2527 | D        | Killed a spriggan druid
  2528 | D        | Killed a spriggan
  2529 | D        | Killed a spriggan
  2529 | D        | Reached skill level 17 in Stealth
  2559 | D        | Noticed a kraken
  2597 | D        | Noticed a swamp drake
  2597 | D        | Noticed a fire drake
  2610 | D        | Killed a swamp drake
  2618 | D        | Killed a fire drake
  2690 | D        | Noticed a blink frog
  2691 | D        | Noticed a blink frog
  2691 | D        | Noticed a blink frog
  2691 | D        | Noticed a blink frog
  2691 | D        | Noticed a blink frog
  2693 | D        | Killed a blink frog
  2695 | D        | Killed a blink frog
  2697 | D        | Killed a blink frog
  2699 | D        | Killed a blink frog
  2705 | D        | Killed a blink frog
  2882 | D        | Noticed Rupert
  2922 | D        | Killed Rupert
  3216 | D        | Noticed a death yak
  3217 | D        | Noticed a death yak
  3217 | D        | Noticed a blink frog
  3218 | D        | Noticed an azure jelly
  3218 | D        | Noticed a death yak
  3218 | D        | Noticed an azure jelly
  3218 | D        | Noticed a blink frog
  3218 | D        | Noticed a death yak
  3222 | D        | Killed a blink frog
  3222 | D        | Reached skill level 10 in Charms
  3230 | D        | Killed a blink frog
  3230 | D        | Reached skill level 10 in Translocations
  3240 | D        | Killed a death yak
  3363 | D        | Learned a level 6 spell: Invisibility
  3541 | D        | Noticed a blink frog
  3545 | D        | Killed a blink frog
  3545 | D        | Reached skill level 18 in Stealth
  3552 | D        | Noticed a black mamba
  3568 | D        | Killed a death yak
  3568 | D        | Reached XP level 12. HP: 52/52 MP: 10/28
  3718 | D        | Killed a death yak
  3726 | D        | Killed a black mamba
  3730 | D        | Killed a death yak
  3752 | D        | Noticed a black mamba
  3810 | D        | Killed a black mamba
  3970 | D        | Noticed a death drake
  3972 | D        | Killed a death drake
  3976 | D        | Noticed a death drake
  3977 | D        | Noticed a swamp dragon skeleton
  3977 | D        | Found Kakuigg's Antique Weapon Shoppe.
  3978 | D        | Killed a death drake
  3980 | D        | Found Filir's Distillery.
  4021 | D        | Noticed an azure jelly
  4021 | D        | Noticed an azure jelly
  4022 | D        | Noticed an elephant
  4022 | D        | Noticed an elephant
  4022 | D        | Noticed a dire elephant
  4022 | D        | Noticed a dire elephant
  4022 | D        | Noticed Gastronok
  4047 | D        | Killed an elephant
  4057 | D        | Killed a dire elephant
  4057 | D        | Reached skill level 10 in Transmutations
  4060 | D        | Killed an elephant
  4060 | D        | Reached skill level 10 in Short Blades
  4065 | D        | Killed a dire elephant
  4065 | D        | Reached skill level 19 in Stealth
  4085 | D        | Killed Gastronok
  4085 | D        | Reached skill level 15 in Spellcasting
  4583 | D        | Noticed a snapping turtle
  4597 | D        | Killed a kraken
  4600 | D        | Killed a snapping turtle
  4870 | D        | Noticed an alligator snapping turtle
  4870 | D        | Noticed a snapping turtle
  4870 | D        | Noticed a snapping turtle
  4871 | D        | Noticed a snapping turtle
  4871 | D        | Noticed an alligator snapping turtle
  4871 | D        | Found Zojipowu's Gadget Boutique.
  4871 | D        | Found Xozuz's Antique Weapon Shop.
  4871 | D        | Found Siaxze's Magic Scroll Emporium.
  4872 | D        | Killed a snapping turtle
  4873 | D        | Killed a snapping turtle
  4875 | D        | Killed an alligator snapping turtle
  4883 | D        | Killed a snapping turtle
  5271 | D        | Got a barnacled rune of Zot
  5346 | D        | Killed an alligator snapping turtle
  5381 | D        | Learned a level 4 spell: Condensation Shield
  5764 | D        | Noticed Dowan
  5764 | D        | Noticed Duvessa
  5766 | D        | Killed Dowan
  5766 | D        | Reached XP level 13. HP: 56/56 MP: 25/30
  5784 | D        | Killed Duvessa
  5817 | D        | Noticed an orc priest
  5817 | D        | Noticed an orc priest
  5818 | D        | Noticed an orc priest
  5818 | D        | Noticed an orc high priest
  5819 | D        | Killed an orc priest
  5820 | D        | Killed an orc priest
  5822 | D        | Killed an orc priest
  5823 | D        | Killed an orc high priest
  5868 | D        | Noticed a spriggan defender
  5869 | D        | Noticed a spriggan defender
  5869 | D        | Noticed a spriggan defender
  5869 | D        | Noticed a spriggan defender
  5875 | D        | Killed a spriggan defender
  5879 | D        | Killed a spriggan defender
  5879 | D        | Reached skill level 20 in Stealth
  5880 | D        | Killed a spriggan defender
  5881 | D        | Killed a spriggan defender
  6005 | D        | Noticed a purple ugly thing
  6008 | D        | Killed a purple ugly thing
  6016 | D        | Noticed a slime creature
  6016 | D        | Noticed a manticore
  6018 | D        | Killed a manticore
  6020 | D        | Killed a slime creature
  6023 | D        | Identified the Guide on Ice
  6043 | D        | Noticed a slime creature
  6046 | D        | Killed a slime creature
  6054 | D        | Noticed a centaur warrior
  6058 | D        | Killed a centaur warrior
  6078 | D        | Noticed a fire dragon
  6078 | D        | Noticed a slime creature
  6083 | D        | Killed a fire dragon
  6084 | D        | Killed a slime creature
  6097 | D        | Noticed a halberd of venom
  6097 | D        | Noticed a hand axe of chopping
  6098 | D        | Noticed a halberd of distortion
  6099 | D        | Noticed a trident of protection
  6100 | D        | Killed a halberd of distortion
  6102 | D        | Killed a trident of protection
  6105 | D        | Killed a hand axe of chopping
  6106 | D        | Killed a halberd of venom
  6248 | D        | Noticed an orc wizard
  6250 | D        | Noticed an orc priest
  6250 | D        | Killed an orc wizard
  6251 | D        | Noticed an orc high priest
  6254 | D        | Noticed an orc warrior
  6254 | D        | Noticed an orc priest
  6254 | D        | Noticed an orc sorcerer
  6254 | D        | Noticed an orc sorcerer
  6255 | D        | Killed an orc priest
  6258 | D        | Killed an orc high priest
  6262 | D        | Killed an orc sorcerer
  6269 | D        | Killed an orc warrior
  6269 | D        | Killed an orc priest
  6282 | D        | Noticed an orc priest
  6319 | D        | Killed an orc sorcerer
  6332 | D        | Killed an orc priest
  6363 | D        | Found Pipaacle's Gadget Shoppe.
  6389 | D        | Killed a yaktaur
  6484 | D        | Noticed a deep elf summoner
  6484 | D        | Noticed a deep elf priest
  6484 | D        | Noticed a deep elf priest
  6484 | D        | Noticed a deep elf priest
  6484 | D        | Noticed a deep elf knight
  6495 | D        | Killed a deep elf knight
  6506 | D        | Killed a deep elf summoner
  6510 | D        | Killed a deep elf priest
  6514 | D        | Killed a deep elf priest
  6515 | D        | Killed a deep elf priest
  6935 | D        | Noticed a fire dragon simulacrum
  6935 | D        | Noticed a seven-headed hydra simulacrum
  6935 | D        | Noticed a fire dragon simulacrum
  6939 | D        | Killed a fire dragon simulacrum
  6940 | D        | Mangled by a seven-headed hydra simulacrum

Vault maps used:
D:        dungeon_sprint_mu

Action                   |  1- 3 |  4- 6 |  7- 9 | 10-12 | 13-15 || total
-------------------------+-------+-------+-------+-------+-------++-------
Melee: Dagger            |    16 |    15 |    96 |   790 |    39 ||   956
       Quick blade       |       |       |       |       |   101 ||   101
 Cast: Ensorcelled Hiber |     5 |     1 |    22 |    51 |       ||    79
       Corona            |     3 |       |     2 |       |     1 ||     6
       Confuse           |     1 |       |     5 |     2 |     1 ||     9
       Dazzling Spray    |       |     6 |    11 |    76 |    26 ||   119
       Tukima's Dance    |       |       |     1 |     1 |       ||     2
       Passwall          |       |       |       |     4 |     2 ||     6
       Invisibility      |       |       |       |     1 |       ||     1
Invok: Shadow Step       |       |       |       |    14 |     4 ||    18
  Use: Scroll            |     4 |       |       |       |     1 ||     5
       Potion            |     3 |       |     3 |     1 |     2 ||     9
 Stab: Sleeping          |     6 |     2 |    22 |    55 |    15 ||   100
       Invisible         |       |     2 |     3 |    16 |     5 ||    26
       Confused          |       |       |       |     1 |     4 ||     5
  Eat: Royal jelly       |       |       |       |     1 |       ||     1
       Fruit             |       |       |       |     6 |       ||     6
